 Dungeon Crawl Stone Soup version 0.29.1-12-g30fa7ad0bf (webtiles) character file.

Game seed: 13286334772210269426

232 croobank the Insei (level 6, -1/40 HPs)
             Began as an Octopode Transmuter on Jan 1, 2023.
             Slain by Duvessa
             ... wielding a +0 short sword
              (20 damage)
             ... on level 4 of the Dungeon.
             The game lasted 00:09:45 (4544 turns).

croobank the Insei (Octopode Transmuter)            Turns: 4544, Time: 00:09:46

Health: -1/40      AC:  1    Str:  9    XL:     6   Next: 4%
Magic:  9/10       EV: 13    Int: 17    God:
Gold:   121        SH:  0    Dex: 13    Spells: 4/10 levels left

rFire   . . .      SeeInvis .   g - +3 hand axe
rCold   . . .      Faith    .   (no shield)
rNeg    . . .      Spirit   .   (helmet restricted)
rPois   .          Reflect  .   (no amulet)
rElec   .          Harm     .   (no ring)
rCorr   .          Rampage  .   (no ring)
Will    .....                   (no ring)
Stlth   +++.......              (no ring)
HPRegen 0.13/turn               (no ring)
MPRegen 0.12/turn               (no ring)
                                (no ring)
                                (no ring)

@: wereblooded
A: almost no armour, amphibious, 8 rings, camouflage 1, gelatinous body 1,
(nimble swimmer 1), tentacles
a: no special abilities


You were on level 4 of the Dungeon.
You visited 1 branch of the dungeon, and saw 4 of its levels.

You collected 121 gold pieces.

Inventory:

Hand Weapons
 g - a +3 hand axe (weapon)
 i - a +0 short sword of venom
 k - a +0 sling
Missiles
 u - 6 poisoned darts
Armour
 h - a +2 buckler
Jewellery
 j - a ring of magical power
 n - an amulet of reflection
 t - a +6 ring of strength
Scrolls
 m - a scroll of teleportation
 q - a scroll of poison
Potions
 a - 2 potions of lignification
 d - a potion of attraction
 e - a potion of haste
 o - a potion of flight
 r - a potion of might
 v - a potion of mutation {unknown}


   Skills:
 + Level 2.3 Fighting
 + Level 1.5 Maces & Flails
 + Level 3.0 Dodging
 + Level 2.9 Stealth
 - Level 3.0 Unarmed Combat
 + Level 2.9 Spellcasting
 + Level 0.6 Conjurations
 + Level 2.9 Transmutations
 + Level 0.4 Air Magic
 + Level 0.6 Poison Magic


You had 4 spell levels left.
You knew the following spells:

 Your Spells              Type           Power      Damage    Failure   Level
a - Beastly Appendage     Tmut           24%        N/A       5%          1
b - Wereblood             Tmut           12%        N/A       8%          2
c - Mephitic Cloud        Conj/Pois/Air  4%         N/A       38%         3

Your spell library contained the following spells:

 Spells                   Type           Power      Damage    Failure   Level
 Magic Dart               Conj           16%        1d3       14%         1
 Call Imp                 Summ           2%         N/A       26%         2
 Spider Form              Tmut/Pois      8%         N/A       26%         3
 Gell's Gravitas          Tloc           2%         N/A       47%         3
 Teleport Other           Tloc           2%         N/A       47%         3
 Ice Form                 Ice/Tmut       7%         N/A       67%         4
 Leda's Liquefaction      Hex/Erth       1%         N/A       87%         4
 Lee's Rapid Deconstruct  Erth           1%         3d5*      99%         5
 Dispersal                Tloc           1%         N/A       100%        6
 Statue Form              Tmut/Erth      4%         N/A       100%        6


Dungeon Overview and Level Annotations

Branches:
Dungeon (4/15)
 Temple: D:4-7

Altars:

Shops:
D:1 (   D:2 !

Annotations:
D:2 Sigmund
D:4 Duvessa


Innate Abilities, Weirdness & Mutations

You cannot wear most types of armour.
You are amphibious.
You can wear up to eight rings at the same time.
Your skin changes colour to match your surroundings (Stealth+).
Your rubbery body absorbs attacks. (AC +1, EV +1)
((You are camouflaged when in or above water. (Stealth+)))
You have tentacles for arms and can constrict up to eight enemies at once.


Message History

You feel a bit better.
You kill the goblin!
You howl as the wereblood boils in your veins!
You hear a shout!
Duvessa, Sister of Dowan comes into view.
She is wielding a +0 short sword.
Dowan says, "Magic and the sword, together, will defeat you."
You hit the iguana. Your grab misses the iguana.
The iguana is moderately wounded.
The iguana bites you.
You hit the iguana. You grab the iguana.
You pierce the iguana.
You squeeze the iguana.
The iguana is almost dead.
You constrict the iguana, but do no damage.
The iguana barely misses you.
You slash Dowan! You grab Dowan.
You pierce Dowan.
Dowan is moderately wounded.
You completely miss the iguana. You constrict Dowan.
You constrict the iguana, but do no damage.
Dowan points at you and mumbles some strange words.
The puff of flame misses you. The iguana completely misses you.
You slash Dowan!
You pierce Dowan.
Dowan is almost dead.
You hit the iguana.
Your tentacle spike disappears.
You constrict Dowan.
You constrict the iguana, but do no damage.
Dowan points at you and mumbles some strange words.
The puff of frost hits you! The iguana barely misses you.
The iguana misses you.
Dowan says, "Stay away from my face!"
Dowan hits you with a +0 dagger.
You hit the iguana.
You feel a bit better.
You kill the iguana!
You hit Duvessa but do no damage. You hit Dowan.
You feel a bit better.
You kill Dowan!
Duvessa screams in rage.
Duvessa goes berserk!
Duvessa hits you with a +0 short sword!
Duvessa hits you with a +0 short sword!!
Ouch! That really hurt!
You die...

## ......... #.##.......
#..)......# .. ..........#
..# ..........### ..# ###
............# ..# #...
......).e...##..#.....
......)@..............
..............# ....#
..............##...#
........#..........### ....
##.............#..##.# ....##
#.............######.## .....
##..............#.....#
#...####..............#.....#
#...#.##.##.................#


You could see Duvessa (berserk).

Vanquished Creatures
  A scorpion (D:4)
  Dowan (D:4)
  A hound (D:3)
  An iguana (D:4)
  An orc wizard (D:3)
  6 adders
  2 worms
  2 dart slugs (D:1)
  2 orcs (D:3)
  7 ball pythons
  3 endoplasms
  3 giant cockroaches
  7 hobgoblins
  4 quokkas
  3 bats (D:1)
  2 frilled lizards
  6 goblins
  5 kobolds
  4 rats
61 creatures vanquished.

Notes
Turn   | Place    | Note
-------+----------+-------------------------------------------
     0 | D:1      | croobank the Octopode Transmuter began the quest for the
                  | Orb.
     0 | D:1      | Reached XP level 1. HP: 13/13 MP: 3/3
   322 | D:1      | Reached XP level 2. HP: 16/18 MP: 3/5
   325 | D:1      | Learned a level 2 spell: Wereblood
   385 | D:1      | Reached skill level 1 in Stealth
   450 | D:1      | Found Miviwax's Weapon Boutique.
   989 | D:2      | Found Sowux's Distillery.
  1037 | D:2      | Reached XP level 3. HP: 23/23 MP: 1/6
  1612 | D:2      | Reached XP level 4. HP: 23/29 MP: 4/7
  1669 | D:2      | Found a faded altar of an unknown god.
  1712 | D:2      | Noticed Sigmund
  1840 | D:3      | Reached skill level 1 in Maces & Flails
  1931 | D:3      | Reached XP level 5. HP: 20/34 MP: 5/9
  2162 | D:3      | Learned a level 3 spell: Mephitic Cloud
  4011 | D:4      | Reached XP level 6. HP: 18/40 MP: 6/10
  4537 | D:4      | Noticed Dowan
  4539 | D:4      | Noticed Duvessa
  4544 | D:4      | Killed Dowan
  4544 | D:4      | Slain by Duvessa

Illustrated notes

Levels and vault maps discovered:
D:1:      eino_arrival_cavern_d, layout_rooms, serial_shops,
          nicolae_shop_bloodbath_and_beyond
D:2:      layout_basic, serial_shops, nicolae_diamond_shop,
          chequers_ecumenical_altar_simple_redux, uniq_sigmund
D:3:      layout_basic
D:4:      layout_cave_pools, minmay_temple_entry_trees, serial_shops, shop,
          uniq_duvessa

Skill      XL: |  1  2  3  4  5 |
---------------+----------------+-----
Stealth        | 1 2 |  2.9
Maces & Flails | 1 |  1.5
Fighting       | 2 |  2.3
Dodging        | 3 |  3.0
Unarmed Combat | |  3.0
Spellcasting   | |  2.9
Conjurations   | |  0.6
Transmutations | |  2.9
Air Magic      | |  0.4
Poison Magic   | |  0.6

Action                   |  1- 3 |  4- 6 || total
-------------------------+-------+-------++-------
Melee: Unarmed           |    28 |       ||    28
       Constrict         |    22 |    18 ||    40
       Kick              |    13 |    25 ||    38
       Tentacles         |     8 |    12 ||    20
       Punch             |     3 |     5 ||     8
       Hand axe          |    23 |    63 ||    86
 Cast: Beastly Appendage |    18 |    18 ||    36
       Wereblood         |    12 |    18 ||    30
  Use: Scroll            |       |    13 ||    13
 Stab: Sleeping          |     2 |     3 ||     5
Armor: Skin              |     3 |     5 ||     8
Dodge: Dodged            |    34 |    42 ||    76
